 Dungeon Crawl Stone Soup version 0.29-a0-542-g075992c915 (webtiles) character file.

Game seed: 6221737831056524529

105 jt the Chopper (level 5, -6/45 HPs)
             Began as a Meteoran Cinder Acolyte on June 4, 2022.
             Was a High Priest of Ignis.
             Mangled by a gnoll shaman
             ... wielding a +0 whip
              (11 damage)
             ... on level 4 of the Dungeon.
             The game lasted 00:05:36 (792 turns).

jt the Chopper (Meteoran Cinder Acolyte)             Turns: 792, Time: 00:05:39

Health: -6/45      AC:  2    Str: 17    XL:     5   Next: 30%
Magic:  4/8        EV: 11    Int: 15    God:    Ignis [*****.]
Gold:   102        SH:  0    Dex: 10    Spells: 3/6 levels left

rFire   + . .      SeeInvis .   a - -1 hand axe (flame)
rCold   . . .      Faith    .   (no shield)
rNeg    . . .      Spirit   .   b - +0 robe
rPois   .          Reflect  .   (no helmet)
rElec   .          Harm     .   (no cloak)
rCorr   .          Rampage  .   (no gloves)
Will    .....                   (no boots)
Stlth   +.........              (no amulet)
HPRegen 0.15/turn               (no ring)
MPRegen 0.11/turn               (no ring)

@: glowing
A: sense surroundings 1, otherworldly, glowing, explore regen
a: Renounce Religion, Fiery Armour, Foxfire Swarm, Rising Flame


You were on level 4 of the Dungeon.
You worshipped Ignis.
Ignis was extremely pleased with you.
You visited 1 branch of the dungeon, and saw 5 of its levels.

You collected 102 gold pieces.

Inventory:

Hand Weapons
 a - a -1 hand axe of flaming (weapon)
 d - a +0 flail
Missiles
 j - 16 stones (quivered)
Armour
 b - a +0 robe (worn)
Potions
 g - a potion of lignification {unknown}
 h - a potion of curing {unknown}
 i - a potion of berserk rage {unknown}


   Skills:
 - Level 3.2 Fighting
 + Level 6.4 Axes
 + Level 1.4 Spellcasting
 + Level 3.6 Fire Magic


You had 3 spell levels left.
You knew the following spells:

 Your Spells              Type           Power      Damage    Failure   Level
a - Scorch                Fire           24%        2d6       8%          2
b - Sting                 Tmut/Pois      4%         1d3       24%         1

Your spell library contained the following spells:

 Spells                   Type           Power      Damage    Failure   Level
 Sandblast                Erth           2%         2d4       24%         1
 Shock                    Conj/Air       4%         1d3       24%         1
 Passwall                 Tmut/Erth      0%         N/A       34%         2
 Sublimation of Blood     Necr           1%         N/A       34%         2
 Wereblood                Tmut           1%         N/A       34%         2
 Stone Arrow              Conj/Erth      2%         3d7       56%         3
 Swiftness                Air            1%         N/A       56%         3
 Airstrike                Air            0%         N/A       93%         4
 Summon Hydra             Summ           0%         N/A       100%        7


Dungeon Overview and Level Annotations

Branches:
Dungeon (5/15)
 Temple: D:4-7

Altars:


Innate Abilities, Weirdness & Mutations

You passively map a small area around you.
You are easily found by Zot.
You glow in the dark.
You regain HP and MP as you explore.


Message History

An open door.
Casting: Scorch (safe; 8% risk of failure)
Confirm with . or Enter, or press ? or * to list all spells.
You feel a surge of power!
Flames lash the gnoll.
The gnoll is almost dead.
The gnoll's fire resistance burns away.
The gnoll is no longer more vulnerable to fire.
The gnoll hits you from afar with a +0 spear.
* * * LOW HITPOINT WARNING * * *
The gnoll shaman hits you but does no damage.
The gnoll misses you.
Press: ? - help, v - describe, . - travel
Here: a gnoll, wielding a +0 spear (almost dead, fast, more vulnerable to fire)
An open door.
You aren't carrying any items that you can evoke.
Okay, then.
As you read the scroll labelled DEROSA RAUMIERCH, it crumbles to dust.
The scroll dissolves into smoke.
It was a scroll of fog.
The gnoll hits you from afar with a +0 spear.
* * * LOW HITPOINT WARNING * * *
The gnoll shaman hits you with a +0 whip.
* * * LOW HITPOINT WARNING * * *
Press: ? - help, v - describe, . - travel
Here: a gnoll shaman, wielding a +0 whip and wearing a +0 leather armour (blue smoke)
The floor.
Casting: Scorch (safe; 8% risk of failure)
Confirm with . or Enter, or press ? or * to list all spells.
Okay, then.
It was a potion of might.
You feel very mighty all of a sudden.
The gnoll hits you from afar with a +0 spear.
* * * LOW HITPOINT WARNING * * *
The gnoll shaman closely misses you. The gnoll barely misses you.
It was a potion of cancellation.
Your magical effects are unravelling.
You feel magically purged.
You feel a little less mighty now.
You feel a little less clever now. The gnoll hits you but does no damage.
The gnoll shaman hits you with a +0 whip!
You die...

##...####.........#
####.......+......?..+
#........###.........#
#.####.#.# #..$....# #
#...#.# #.....# *, ,
*#.###.# *#.gg# #, #.#
#.# #g#* #.##.###.#
#g# * #........# #@# ,
, #.##.###.# ##§## #,
#.# #.# ##§§§## ,
#.###.#####.....#* , *
* #..............##* *
#####.######..##
#.######.# #.##* , , ,
#........# #..,, ,
########## #### *


You could see a gnoll shaman and a gnoll (fast, combustible).

Vanquished Creatures
  A necrophage (D:4)
  An adder (D:3)
  A dart slug (D:1)
  An orc (D:4)
  An endoplasm (D:2)
  2 giant cockroaches
  2 goblins
  3 hobgoblins
  5 jackals (D:1)
  2 quokkas (D:1)
  3 ball pythons
  4 bats
  2 frilled lizards
  A rat (D:2)
29 creatures vanquished.

Notes
Turn   | Place    | Note
-------+----------+-------------------------------------------
     0 | D:1      | jt the Meteoran Cinder Acolyte began the quest for the Orb.
     0 | D:1      | Reached XP level 1. HP: 19/19 MP: 3/3
    60 | D:1      | Reached skill level 4 in Axes
    65 | D:1      | Reached XP level 2. HP: 19/26 MP: 5/5
    68 | D:1      | Found a faded altar of an unknown god.
    97 | D:1      | Got Plato's Grimoire of Poison
   108 | D:1      | Learned a level 2 spell: Scorch
   110 | D:1      | Learned a level 1 spell: Sting
   153 | D:1      | Reached XP level 3. HP: 23/31 MP: 6/6
   403 | D:3      | Reached skill level 5 in Axes
   541 | D:4      | Noticed a necrophage
   549 | D:4      | Killed a necrophage
   550 | D:4      | Reached skill level 6 in Axes
   550 | D:4      | Reached XP level 4. HP: 24/38 MP: 0/7
   550 | D:4      | Reached XP level 5. HP: 28/45 MP: 0/8
   657 | D:5      | Entered Level 5 of the Dungeon
   792 | D:4      | Mangled by a gnoll shaman

Illustrated notes

Levels and vault maps discovered:
D:1:      dpeg_arrival_tiny_a, layout_rooms, shapermc_ecumenical_altar_rom_forum
D:2:      layout_loops_ring, serial_shops, nicolae_diamond_shop,
          grunt_decor_arrowhead, st_stairs_14, roderic_nine_men_s_morris
D:3:      layout_basic, minmay_misc_feat_doors, lemuel_old_faithful
D:4:      layout_loops_corners
D:5:      layout_loops_ring, nicolae_hepliaklqana_hazy_memory, minmay_bent,
          uniq_duvessa

Skill      XL: |  1  2  3 |
---------------+----------+-----
Axes           | 4 6 |  6.4
Fighting       | |  3.2
Spellcasting   | |  1.4
Fire Magic     | |  3.6

Action                   |  1- 3 |  4- 6 || total
-------------------------+-------+-------++-------
Melee: Hand axe          |    63 |    12 ||    75
       Punch             |     2 |       ||     2
 Cast: Scorch            |     9 |     6 ||    15
  Use: Scroll            |     1 |     1 ||     2
       Potion            |       |     3 ||     3
Armor: Robe              |    18 |     5 ||    23
Dodge: Dodged            |    37 |     8 ||    45

Table legend: (Time is in decaauts)
 A = Elapsed time spent in this place.
 B = Non-inter-level travel time spent in this place.
 C = Inter-level travel time spent in this place.
 D = Time resting spent in this place.
 E = Time spent auto-exploring this place.
 F = Levels seen in this place.
 G = Mean time per level.
                   A        B        C        D        E       F      G
               +--------+--------+--------+--------+--------+-----+--------+
         Total |    798 |    798 |      0 |      0 |      0 |   5 |  159.6 |
       Dungeon |    798 |    798 |      0 |      0 |      0 |   5 |  159.6 |
               +--------+--------+--------+--------+--------+-----+--------+

Top non-repeatable levels by time:
     D:4: 291 daAuts
     D:3: 215 daAuts
     D:1: 162 daAuts
     D:2: 127 daAuts
     D:5: 1 daAuts
